Map: Orbital Shipyard

Players

LilDicky

  • Race: Zerg Zerg
  • League: Diamond

Mrdead - Winner!

  • Race: Zerg Zerg
  • League: Platinum

VOD

http://www.twitch.tv/tumescentpie

Description

Time

  • Played on: Dec. 12, 2015, 1:12 p.m.
  • Length: 10:01
Show
View Real Time Build Order
Export as new Build Order

LilDicky Zerg 

Build Orders: Hatch First 

Get SALT Encoding   

  12  0:02  Drone  
  13  0:08  Drone  
  14  0:34  Hatchery  
  13  0:38  Drone  
  14  0:54  Spawning Pool  
  13  1:01  Overlord  
  13  1:09  Drone  
  13  1:10  Extractor  
  13  1:11  Drone  
  14  1:25  Drone x2  
  16  1:39  Drone  
  17  1:42  Queen  
  19  1:49  Queen  
  19  1:54  Drone  
  22  2:04  Drone  
  22  2:05  Drone  
  24  2:15  Zergling x6  
  26  2:19  Overlord  
  27  2:31  Metabolic Boost  
  27  2:35  Drone  
  28  2:38  Drone  
  28  2:39  Drone x2  
  31  2:51  Drone  
  31  2:52  Drone x2, Extractor  
  33  3:04  Lair  
  33  3:26  Drone  
  33  3:27  Drone x2  
  36  3:32  Zergling x2  
  36  3:33  Overlord  
  35  3:39  Spine Crawler  
  35  3:40  Spine Crawler  
  20  4:03  Queen  
  21  4:11  Zergling x6  
  21  4:12  Zergling x12  
  28  4:27  Drone x5  
  30  4:47  Drone  
  30  4:48  Drone x3  
  34  5:18  Drone  
  34  5:19  Drone x8  
  43  5:48  Overlord  
  43  5:55  Hydralisk Den  
  43  5:56  Drone  
  43  5:58  Overlord  
  43  6:02  Hatchery  
  43  6:03  Extractor x2, Queen  
  42  6:24  Drone  
  42  6:25  Drone x5  
  48  6:29  Hydralisk x3  
  48  6:32  Lurker Den  
  54  6:51  Queen  
  56  7:15  Drone x8  
  59  7:16  Drone x2  
  66  7:25  Overlord  
  66  7:26  Overlord  
  66  7:31  Burrow  
  66  7:41  Overlord  
  68  7:58  Lurker x3  
  68  8:05  Hydralisk  
  69  8:06  Hydralisk x2  
  56  8:39  Hydralisk Den  
  44  9:44  Drone x6  
  50  9:47  Drone x4  
  50  9:48  Drone x5, Spore Crawler  
  50  9:50  Spore Crawler x2  
  58  9:53  Spine Crawler  
  58  9:57  Hatchery  
  47  10:00  Hatchery  
Show
View Real Time Build Order
Export as new Build Order

Mrdead Zerg - Winner!

Build Orders: Pool First 

Get SALT Encoding   

  12  0:01  Drone  
  13  0:08  Drone  
  14  0:17  Overlord  
  14  0:35  Drone x3  
  17  0:46  Spawning Pool  
  17  0:48  Extractor  
  15  0:50  Drone  
  16  0:57  Drone  
  17  1:08  Drone  
  18  1:19  Drone  
  19  1:30  Hatchery  
  19  1:36  Queen  
  20  1:43  Overlord  
  20  1:51  Metabolic Boost  
  20  1:56  Drone  
  21  2:03  Drone  
  22  2:13  Zergling x2  
  22  2:14  Baneling Nest  
  22  2:27  Zergling x2  
  23  2:34  Zergling x2  
  24  2:42  Drone  
  24  2:43  Queen  
  27  2:47  Zergling x4  
  27  2:48  Zergling x4  
  31  3:03  Drone  
  32  3:07  Zergling x2  
  33  3:13  Zergling x2  
  33  3:15  Drone  
  33  3:16  Drone  
  33  3:19  Overlord x2  
  34  3:42  Zergling x4  
  34  3:43  Zergling x2  
  36  3:52  Zergling x6  
  36  3:55  Zergling x6  
  38  4:14  Zergling x2  
  38  4:15  Zergling x2  
  38  4:16  Zergling x2  
  40  4:23  Zergling x4  
  41  4:25  Drone x2  
  41  4:26  Drone x2  
  41  4:27  Drone  
  39  4:47  Drone  
  39  4:48  Drone  
  39  4:52  Baneling x3  
  41  4:56  Roach Warren  
  41  4:57  Drone x3, Extractor  
  41  5:08  Drone x5  
  41  5:10  Drone, Extractor  
  41  5:12  Overlord  
  46  5:27  Drone x2  
  46  5:28  Drone x2  
  50  5:30  Overlord x2  
  50  5:31  Overlord x2  
  50  5:38  Drone  
  51  5:43  Lair  
  51  5:46  Spore Crawler  
  51  5:48  Drone  
  51  5:57  Drone x2  
  53  6:04  Extractor  
  53  6:06  Overlord  
  53  6:07  Spore Crawler  
  53  6:09  Overlord  
  51  6:13  Evolution Chamber  
  50  6:28  Drone  
  50  6:29  Hatchery, Roach x4  
  58  6:37  Roach  
  58  6:38  Roach x3  
  66  6:41  Glial Reconstitution  
  66  6:46  Zerg Ground Armor Level 1  
  66  6:48  Roach x3  
  66  6:54  Roach x3  
  78  7:06  Roach  
  78  7:08  Roach x3  
  86  7:22  Baneling  
  84  7:23  Zergling x6  
  84  7:24  Zergling x2  
  84  7:26  Zergling x2  
  84  7:27  Zergling x6  
  92  7:32  Ravager x3  
  92  7:33  Roach  
  97  7:50  Roach  
  97  7:51  Roach  
  101  7:52  Roach  
  101  7:53  Roach x2  
  101  7:55  Drone x2, Queen  
  111  8:01  Roach  
  111  8:02  Overlord x2  
  106  8:27  Roach  
  106  8:28  Roach x3  
  106  8:46  Roach  
  106  8:47  Roach x2  
  107  8:52  Overseer  
  96  9:06  Roach  
  96  9:08  Roach x5  
  96  9:09  Roach  
  110  9:10  Drone x3  
  110  9:13  Hydralisk Den  
  112  9:37  Roach x3  
  118  9:38  Roach  
  118  9:39  Roach x2  
  118  9:40  Roach x3  
  118  9:41  Overlord x2  
Tags
 
Add a new tag
Caveats
  • Supply blocks, unpowered buildings, or Contaminate may cause inaccurate times.
  • Supply counts are checked every 10 seconds.